 Dungeon Crawl Stone Soup version 0.32-a0-699-g1ee5eff69a (webtiles) character file.

Game seed: 1205199101084994850

64 Aldia the Charlatan (level 3, 0/28 HPs)
             Began as a Demonspawn Artificer on Mar 13, 2024.
             Slain by Terence
             ... wielding a +0 flail
              (4 damage)
             ... on level 2 of the Dungeon.
             The game lasted 00:02:55 (884 turns).

Aldia the Charlatan (Demonspawn Artificer)           Turns: 884, Time: 00:02:56

Health: 0/28       AC: 10    Str: 14    XL:     3   Next: 91%
Magic:  3/3        EV:  6    Int: 11    God:
Gold:   146        SH:  0    Dex: 13    Spells: 2/2 levels left

rFire   . . .        k - +2 spear (vamp)
rCold   . . .        (no shield)
rNeg    . . .        h - +0 chain mail
rPois   .            (helmet restricted)
rElec   .            (no cloak)
rCorr   .            (no gloves)
SInv    .            (no boots)
Will    +....        (no amulet) Stlth
                     o - ring of willpower
HPRegen 0.24/turn    (no ring)
MPRegen 0.08/turn

%: no passive effects
@: no status effects
A: antennae 1, yellow scales 1
a: no special abilities


You were on level 2 of the Dungeon.
You visited 1 branch of the dungeon, and saw 2 of its levels.

You collected 146 gold pieces.

Inventory:

Hand Weapons
 a - a +0 club
 g - a +0 short sword
 i - a +3 spear
 k - a +2 vampiric spear (weapon)
Armour
 b - a +0 leather armour
 f - a +0 helmet
 h - a +0 chain mail (worn)
 j - a +0 ring mail
 s - a +0 cloak
Jewellery
 o - a ring of willpower (left hand)
Wands
 c - a wand of flame (6) (quivered)
 d - a wand of charming (13)
 e - a wand of iceblast (5)
Scrolls
 r - a scroll of immolation {unknown}
Potions
 l - a potion of heal wounds {unknown}
 m - 2 potions of lignification {unknown}
 n - a potion of haste {unknown}
 p - a potion of might {unknown}
 q - 2 potions of curing {unknown}


   Skills:
 + Level 2.9 Fighting
 * Level 1.1 Polearms
 + Level 2.1 Armour
 + Level 1.2 Dodging
 - Level 0.8 Stealth
 - Level 3.0 Evocations


You had 2 spell levels left.
You didn't know any spells.
Your spell library contained the following spells:

 Spells                   Type           Power      Damage    Failure   Level
 Cigotuvi's Dreadful Rot  Necr/Alch/Air  0%         N/A       100%        2
 Ignite Poison            Fire/Alch      0%         N/A       100%        4
 Freezing Cloud           Conj/Ice/Air   0%         6-21      100%        5


Dungeon Overview and Level Annotations

Branches:
Dungeon (2/15)

Altars:

Annotations:
D:2 Terence


Innate Abilities, Weirdness & Mutations

You have a pair of small antennae on your head.
You are partially covered in yellow scales. (AC +2)


Message History

Terence is no longer charmed.
Terence is nearby!
You hit Terence.
Terence is moderately wounded.
Terence hits you but does no damage.
You hit Terence.
Terence is heavily wounded.
Terence hits you with a +0 flail.
You closely miss Terence.
Terence is heavily wounded.
Terence hits you with a +0 flail!
You barely miss Terence.
Terence is heavily wounded.
Terence says, "How do you enjoy it?" Terence hits you with a +0 flail.
You hit Terence.
Terence is severely wounded.
Terence hits you with a +0 flail!
* * * LOW HITPOINT WARNING * * *
You hit Terence.
Terence is severely wounded.
Terence hits you with a +0 flail.
* * * LOW HITPOINT WARNING * * *
Aiming: Throw Flame
Press: ? - help, Shift-Dir - straight line, f - Terence
Aim: Terence, wielding a +0 flail and wearing a +0 ring mail (severely wounded, 75% to hit)
The puff of flame hits Terence.
Terence is severely wounded.
Terence hits you with a +0 flail.
* * * LOW HITPOINT WARNING * * *
Unknown command.
There's nothing to close nearby.
Aiming: Throw Flame
Press: ? - help, Shift-Dir - straight line, f/p - Terence
Aim: Terence, wielding a +0 flail and wearing a +0 ring mail (severely wounded, 75% to hit)
The puff of flame hits Terence.
Terence is almost dead.
Terence hits you with a +0 flail.
You die...
Terence says, "That felt goooood."

†......#....#P##......
.......##....#.P......
........#.....##.....
........'..........#
........#...+......#+##
........#...#.........#
........#....†........#
........##......##....#
.......###....#@@.....+
.......# #....##....>.#
.......# #....##......#
#######......# #......#
#...#### #####


You could see Terence.

Vanquished Creatures
  2 adders (D:2)
  A gnoll (D:1)
  A ribbon worm (D:1)
  3 endoplasms (D:2)
  3 giant cockroaches (D:1)
  2 goblins (D:1)
  2 hobgoblins
  5 jackals
  2 kobolds (D:1)
  A ball python (D:1)
  2 bats
  A rat (D:2)
25 creatures vanquished.

Vanquished Creatures (collateral kills)
  A dart slug (D:1)
  An endoplasm (D:1)
  A quokka (D:2)
  A bat (D:1)
  A rat (D:1)
5 creatures vanquished.

Grand Total: 30 creatures vanquished

Notes
Turn   | Place    | Note
-------+----------+-------------------------------------------
     0 | D:1      | Aldia the Demonspawn Artificer began the quest for the Orb.
     0 | D:1      | Reached XP level 1. HP: 15/15 MP: 1/1
     8 | D:1      | Reached skill level 1 in Dodging
    54 | D:1      | Gained mutation: You are partially covered in yellow
                  | scales. (AC +2) [demonic ancestry]
    54 | D:1      | Reached XP level 2. HP: 21/22 MP: 2/2
   336 | D:1      | Gained mutation: You have a pair of small antennae on your
                  | head. [demonic ancestry]
   336 | D:1      | Reached XP level 3. HP: 25/28 MP: 3/3
   710 | D:2      | Reached skill level 1 in Polearms
   826 | D:2      | Noticed Terence
   884 | D:2      | Slain by Terence

Illustrated notes

Levels and vault maps discovered:
D:1:      dpeg_arrival_brainrot, layout_rooms, amcnicky_mini_pool_small
D:2:      layout_basic, shapermc_ecumenical_altar_rom_forum, uniq_terence

Skill      XL: |  1  2  3 |
---------------+----------+-----
Dodging        | 1 |  1.2
Armour         | 2 |  2.1
Fighting       | 2 |  2.9
Polearms       | 1 |  1.1
Stealth        | |  0.8
Evocations     | |  3.0

Action                     || total
---------------------------++-------
  Melee: Short sword       ||     2
         Spear             ||    79
  Evoke: Wand              ||    11
   Stab: Sleeping          ||     1
 Armour: Leather armour    ||     7
         Ring mail         ||    17
         Chain mail        ||    46
  Dodge: Dodged            ||    37

Table legend: (Time is in decaauts)
 A = Elapsed time spent in this place.
 B = Non-inter-level travel time spent in this place.
 C = Inter-level travel time spent in this place.
 D = Time resting spent in this place.
 E = Time spent auto-exploring this place.
 F = Levels seen in this place.
 G = Mean time per level.
                   A        B        C        D        E       F      G
               +--------+--------+--------+--------+--------+-----+--------+
         Total |    888 |    872 |     16 |      0 |    550 |   2 |  444.0 |
       Dungeon |    888 |    872 |     16 |      0 |    550 |   2 |  444.0 |
               +--------+--------+--------+--------+--------+-----+--------+

Top non-repeatable levels by time:
     D:1: 606 daAuts
     D:2: 282 daAuts
